 Dungeon Crawl Stone Soup version 0.18.1-50-g88ac8fd (webtiles) character file.

7010 Peloso the Protected (level 10, -1/91 HPs)
             Began as a Minotaur Fighter on Oct 13, 2016.
             Was an Elder of Okawaru.
             Slain by ayyllmao's ghost (17 damage)
             ... on level 9 of the Dungeon.
             The game lasted 00:20:32 (9228 turns).

Peloso the Protected (Minotaur Fighter)             Turns: 9228, Time: 00:20:33

Health: -1/91      AC: 18    Str: 22    XL:     10   Next: 82%
Magic:  0/9        EV: 10    Int:  5    God:    Okawaru [****..]
Gold:   436        SH:  8    Dex: 16    Spells: 0 memorised, 9 levels left

rFire  + . .     SeeInvis .     E - +0 falchion (flame)
rCold  + . .     Gourm    .     g - +0 plate armour
rNeg   . . .     Faith    .     z - +1 buckler {rF+}
rPois  +         Spirit   +     (helmet restricted)
rElec  .         Dismiss  .     R - +2 cloak
rCorr  .         Reflect  .     (no gloves)
SustAt .         Harm     .     (no boots)
MR     .....                    s - amulet of guardian spirit
Stlth  ..........               (no ring)
                                V - ring "Xidom" {rPois rC+ Dex+4}

@: not resistant to hostile enchantments, extremely unstealthy
A: retaliatory headbutt, horns 2
a: Heroism, Renounce Religion


You were on level 9 of the Dungeon.
You worshipped Okawaru.
Okawaru was greatly pleased with you.
You were near starving.

You visited 2 branches of the dungeon, and saw 10 of its levels.
You also visited: Ossuary.

You collected 436 gold pieces.

Inventory:

Hand Weapons
 u - a +2 long sword
 E - a +0 falchion of flaming (weapon)
Armour
 c - a +0 shield
 g - a +0 plate armour (worn)
 m - a +2 cloak
 v - a +1 chain mail of fire resistance
 z - a +1 buckler of fire resistance (worn)
 R - a +2 cloak (worn)
Jewellery
 o - an uncursed amulet of magic regeneration
 s - an amulet of guardian spirit (around neck)
 V - the ring "Xidom" (left hand) {rPois rC+ Dex+4}
   (You found it on level 8 of the Dungeon)

   [ring of dexterity]

   It affects your dexterity (+4).
   It protects you from cold.
   It protects you from poison.
Wands
 D - a wand of digging (8/24)
 H - a wand of polymorph (14/24)
 N - a wand of lightning (2/15)
 S - a wand of lightning (6/15)
 U - a wand of slowing (14/48)
Scrolls
 b - 3 scrolls of blinking {unknown}
 e - a scroll of fear {unknown}
 h - 2 scrolls of fog {unknown}
 j - 2 scrolls of magic mapping {unknown}
 k - 5 scrolls of remove curse {unknown}
 p - 3 scrolls of teleportation {unknown}
 q - a scroll of enchant armour {unknown}
 t - 2 scrolls of recharging {unknown}
 y - 3 scrolls of noise {unknown}
 C - 2 scrolls of identify {unknown}
 I - 3 scrolls of amnesia {unknown}
 O - a scroll of holy word {unknown}
Potions
 d - a potion of might
 i - a potion of agility {unknown}
 l - 2 potions of berserk rage {unknown}
 n - 3 potions of cancellation
 r - a potion of lignification {unknown}
 w - 2 potions of heal wounds {unknown}
 x - 3 potions of haste {unknown}
 A - 2 potions of curing
 F - a potion of ambrosia {unknown}
 G - 2 potions of flight {unknown}
 K - a potion of beneficial mutation {unknown}
 L - a potion of degeneration {unknown}
Books
 B - a book of Fire

   Spells                             Type                      Level
   a - Ignite Poison                  Fire/Transmutation/Poison    3
   b - Fireball                       Conjuration/Fire             5
   c - Bolt of Fire                   Conjuration/Fire             6
   d - Delayed Fireball               Conjuration/Fire             7
   e - Ring of Flames                 Charms/Fire                  7
 J - a book of Maledictions

   Spells                             Type                      Level
   a - Corona                         Hexes                        1
   b - Ensorcelled Hibernation        Hexes/Ice                    2
   c - Confuse                        Hexes                        3
   d - Tukima's Dance                 Hexes                        3
   e - Dazzling Spray                 Conjuration/Hexes            3
Comestibles
 f - 8 bread rations
 M - 2 meat rations
 P - 18 fruits
 Q - a beef jerky


   Skills:
 + Level 9.0 Fighting
 + Level 9.7 Long Blades
 + Level 10.2 Armour
 + Level 6.6 Dodging
 + Level 2.1 Stealth
 + Level 10.0 Shields
 + Level 0.4 Invocations


You had 9 spell levels left.
You didn't know any spells.

Dungeon Overview and Level Annotations

Branches:
Dungeon (9/15)             Temple (1/1) D:6
   Lair: D:8-11         Orc: D:9-12

Altars:
Ashenzari
Cheibriados
Dithmenos
Elyvilon
Fedhas
Gozag
Kikubaaqudgha
Makhleb
Nemelex Xobeh
Okawaru
Pakellas
Qazlal
Ru
Sif Muna
Trog
Vehumet
Xom
Yredelemnul
Zin
The Shining One

Shops:
D:4 (

Annotations:
D:9 ayyllmao's ghost, novice TrMo


Innate Abilities, Weirdness & Mutations

You reflexively headbutt those who attack you in melee.
You have a pair of horns on your head.


Message History

Ayyllmao's ghost hits you but does no damage.
The orc wizard looks braver for a moment.
An orc priest comes into view. It is wielding a dagger.
Drink which item? (? for menu, Esc to quit)
It was a potion of curing.
You feel better.
The orc priest shouts!
Ayyllmao's ghost hits you but does no damage.
An orc warrior comes into view. It is wielding a mace.
You closely miss ayyllmao's ghost. Your headbutt misses ayyllmao's ghost.
Ayyllmao's ghost is heavily damaged.
Ayyllmao's ghost barely misses you. You furiously retaliate!
You headbutt ayyllmao's ghost.
An orc comes into view. It is wielding a dagger.
Unknown command.
The orc shouts!
You hit ayyllmao's ghost. You burn ayyllmao's ghost.
Your headbutt misses ayyllmao's ghost.
Ayyllmao's ghost is severely damaged.
The orc warrior moves out of view.
Ayyllmao's ghost hits you!!
You die...

.Y..................###
#.........########....
#.........# #.........
#.Y.......# #.........
#........[###.........
#.%.......##..........
#####[######..........
#W# #............. #@#
#.##......#### #)# #.
#......#
#Z###.##......#
#o............#
oo...##.......# ....#
#.......# ..o.##
#.......# .o..#
#.......# ##
........<.###.#####.


You could see an orc priest, 2 orc wizards, ayyllmao's ghost, 2 orcs and a hound
skeleton.

Vanquished Creatures
  2 hill giants
  Joseph (D:7)
  Maurice (D:8)
  A two-headed ogre (D:9)
  Prince Ribbit (D:7)
  Sigmund (D:4)
  2 wyverns (D:8)
  5 yaks (D:9)
  A hungry ghost (D:7)
  A hippogriff (D:8)
  Eustachio (D:4)
  An orc warrior (D:8)
  2 black bears
  A sky beast (D:8)
  An ice beast (D:7)
  2 necrophages
  4 phantoms
  3 centaurs
  3 ogres
  A big kobold (D:8)
  4 giant frogs (D:8)
  A wyvern zombie (D:8)
  A scorpion (D:7)
  8 wights
  2 crimson imps
  A giant frog zombie (D:8)
  2 centaur skeletons
  3 hounds
  A gnoll shaman (D:4)
  A giant frog skeleton (D:9)
  A jelly (D:5)
  5 orc priests (D:3)
  4 orc wizards
  Ijyb (D:2)
  An iguana (D:7)
  4 worker ants
  Terence (D:2)
  2 killer bee zombies
  8 big kobold zombies (Ossuary)
  A mummy (Ossuary)
  Robin (D:3)
  4 gnolls (D:4)
  11 adders
  2 oozes
  An adder skeleton (D:7)
  2 worms
  3 dart slugs
  25 orcs
  3 spectral bats (Ossuary)
  2 ball pythons
  7 bats
  3 giant cockroaches
  3 gnoll zombies (Ossuary)
  13 goblins
  12 hobgoblins
  15 jackals
  20 kobolds
  A quokka (D:8)
  4 bat simulacra (Ossuary)
  8 giant newts
  4 goblin simulacra (Ossuary)
  2 goblin zombies (Ossuary)
  5 hobgoblin zombies (Ossuary)
  A kobold simulacrum (Ossuary)
  4 kobold zombies (Ossuary)
  5 orc zombies (Ossuary)
  A quokka skeleton (D:4)
  A quokka zombie (D:8)
  9 rats
  5 rat simulacra (Ossuary)
  4 spectral goblins (Ossuary)
  A spectral kobold (Ossuary)
  2 spectral rats (Ossuary)
271 creatures vanquished.

Vanquished Creatures (others)
  An ogre (D:6)
  A worker ant (D:6)
  A gnoll zombie (Ossuary)
  A jackal (D:7)
  A hobgoblin zombie (Ossuary)
  A kobold zombie (Ossuary)
6 creatures vanquished.

Grand Total: 277 creatures vanquished

Notes
Turn   | Place    | Note
--------------------------------------------------------------
     0 | D:1      | Peloso the Minotaur Fighter began the quest for the Orb.
     0 | D:1      | Reached XP level 1. HP: 19/19 MP: 0/0
   197 | D:1      | Reached XP level 2. HP: 27/27 MP: 1/1
   483 | D:1      | Reached XP level 3. HP: 33/33 MP: 2/2
   659 | D:2      | Noticed Ijyb
   674 | D:2      | Killed Ijyb
   674 | D:2      | Reached XP level 4. HP: 38/41 MP: 3/3
   720 | D:2      | Reached skill level 1 in Dodging
   814 | D:2      | Reached skill level 1 in Stealth
   835 | D:2      | Noticed Terence
   842 | D:2      | Killed Terence
  1299 | D:3      | Reached XP level 5. HP: 36/47 MP: 4/4
  1373 | D:3      | Reached skill level 5 in Shields
  1411 | D:3      | Reached skill level 5 in Armour
  1449 | D:3      | Found a deep blue altar of Sif Muna.
  1729 | D:3      | Reached XP level 6. HP: 33/53 MP: 5/5
  2161 | D:3      | Noticed Robin
  2176 | D:3      | Killed Robin
  2233 | D:3      | Reached skill level 5 in Fighting
  2584 | D:4      | Reached XP level 7. HP: 56/61 MP: 6/6
  2993 | D:4      | Noticed Eustachio
  3005 | D:4      | Killed Eustachio
  3020 | D:4      | Reached skill level 5 in Long Blades
  3140 | D:4      | Found Inlealun's Antique Weapon Shoppe.
  3443 | D:4      | Noticed Sigmund
  3454 | D:4      | Killed Sigmund
  3526 | D:5      | Entered Level 5 of the Dungeon
  3618 | D:5      | Reached XP level 8. HP: 70/70 MP: 7/7
  4728 | D:6      | Found a staircase to the Ecumenical Temple.
  4737 | Temple   | Entered the Ecumenical Temple
  4893 | D:6      | Found a sand-covered staircase.
  4957 | Ossuary  | Entered an ossuary
  5501 | D:6      | Found an iron altar of Okawaru.
  5502 | D:6      | Found a shimmering altar of Xom.
  5502 | D:6      | Found a glowing silver altar of Zin.
  5502 | D:6      | Found an opulent altar of Gozag.
  5504 | D:6      | Became a worshipper of Warmaster Okawaru
  5506 | D:6      | Found a blossoming altar of Fedhas.
  5508 | D:6      | Found an ancient bone altar of Kikubaaqudgha.
  5510 | D:6      | Found a shadowy altar of Dithmenos.
  5697 | D:7      | Reached XP level 9. HP: 69/78 MP: 8/8
  5834 | D:7      | Noticed Joseph
  5856 | D:7      | Killed Joseph
  5856 | D:7      | Reached * piety under Okawaru
  5943 | D:7      | Noticed Prince Ribbit
  5963 | D:7      | Killed Prince Ribbit
  5963 | D:7      | Reached skill level 5 in Dodging
  7513 | D:8      | Reached ** piety under Okawaru
  7883 | D:8      | Noticed Maurice
  7893 | D:8      | Killed Maurice
  7893 | D:8      | Reached XP level 10. HP: 88/88 MP: 9/9
  8191 | D:8      | Reached *** piety under Okawaru
  8481 | D:8      | Found a blossoming altar of Fedhas.
  8510 | D:8      | Got a crude tin ring
  8515 | D:8      | Identified the ring "Xidom" {rPois rC+ Dex+4} (You found it on level 8 of the Dungeon)
  8551 | D:8      | Noticed a hill giant
  8561 | D:8      | Killed a hill giant
  8782 | D:8      | Found a snail-covered altar of Cheibriados.
  8955 | D:9      | Noticed a hill giant
  8972 | D:9      | Killed a hill giant
  8972 | D:9      | Received a gift from Okawaru
  9180 | D:9      | Reached **** piety under Okawaru
  9180 | D:9      | Reached skill level 10 in Armour
  9186 | D:9      | Noticed ayyllmao's ghost (novice TrMo)
  9198 | D:9      | Reached skill level 10 in Shields
  9228 | D:9      | Slain by ayyllmao's ghost

Skill      XL: |  1  2  3  4  5  6  7  8  9 10 |
---------------+-------------------------------+-----
Shields        | 4 5 6 7 9 10 | 10.0
Fighting       | 4 5 6 7 9 |  9.0
Armour         | 4 5 6 7 9 10 | 10.2
Dodging        | 1 2 3 4 5 6 |  6.6
Stealth        | 1 2 |  2.1
Long Blades    | 3 4 5 6 8 9 |  9.7
Invocations    | |  0.4

Action                   |  1- 3 |  4- 6 |  7- 9 | 10-12 || total
-------------------------+-------+-------+-------+-------++-------
Melee: Long sword        |    74 |   228 |    84 |       ||   386
       Headbutt          |     8 |    36 |   102 |    44 ||   190
       Falchion          |       |       |   377 |   157 ||   534
Invok: Heroism           |       |       |     2 |     3 ||     5
  Use: Scroll            |       |       |     1 |       ||     1
       Potion            |       |       |       |     3 ||     3
  Eat: Chunk             |       |     6 |    13 |     3 ||    22
       Fruit             |       |       |     4 |       ||     4
       Royal jelly       |       |       |     1 |       ||     1
       Pizza             |       |       |     1 |       ||     1
Armor: Scale mail        |    44 |    39 |       |       ||    83
       Chain mail        |       |    73 |   182 |    33 ||   288
       Plate armour      |       |       |       |    20 ||    20
Dodge: Dodged            |    33 |    53 |   133 |    52 ||   271
Block: Shield            |    48 |   138 |   170 |       ||   356
       Buckler           |       |       |    25 |    51 ||    76
